 Dungeon Crawl Stone Soup version 0.19-a0-1185-gacb3972 (webtiles) character file.

3523 Gagarin the Slasher (level 9, -6/85 HPs)
             Began as a Deep Dwarf Fighter on Aug 18, 2016.
             Was a Priest of Makhleb.
             Mangled by a cyan ugly thing (12 damage)
             ... on level 7 of the Dungeon.
             The game lasted 00:38:05 (6439 turns).

Gagarin the Slasher (Deep Dwarf Fighter)            Turns: 6439, Time: 00:38:05

Health: -6/85      AC:  9    Str: 24    XL:     9   Next: 81%
Magic:  12/12      EV: 11    Int:  8    God:    Makhleb [***...]
Gold:   394        SH: 11    Dex: 12    Spells: 0 memorised, 8 levels left

rFire  . . .     SeeInvis .     a - +0 long sword (freeze)
rCold  . . .     Gourm    +     b - +0 scale mail
rNeg   + . .     Faith    .     c - +0 shield
rPois  .         Spirit   .     i - +0 helmet
rElec  .         Dismiss  .     (no cloak)
rCorr  .         Reflect  .     (no gloves)
MR     +....     Harm     .     (no boots)
Stlth  ..........               h - amulet of the gourmand
                                (no ring)
                                r - ring of positive energy

@: about to teleport, non-regenerating
A: damage resistance, recharge devices, sense surroundings 2, slow regeneration
3
a: Device Recharging, Minor Destruction, Lesser Servant of Makhleb, Renounce
Religion


You were on level 7 of the Dungeon.
You worshipped Makhleb.
Makhleb was most pleased with you.
You were completely stuffed.

You visited 2 branches of the dungeon, and saw 8 of its levels.

You collected 394 gold pieces.

Inventory:

Hand Weapons
 a - a +0 long sword of freezing (weapon)
Armour
 b - a +0 scale mail (worn)
 c - a +0 shield (worn)
 i - a +0 helmet (worn)
Jewellery
 h - an amulet of the gourmand (around neck)
 r - a ring of positive energy (left hand)
 t - an uncursed ring of ice
Wands
 e - a wand of heal wounds (0/9)
 n - a wand of lightning (0/15)
 x - a wand of teleportation (7/9)
 z - a wand of lightning (0/15)
 B - a wand of polymorph (6/24)
 C - a wand of slowing (28/48)
Scrolls
 k - 3 scrolls of remove curse
 l - a scroll of amnesia
 m - 4 scrolls of teleportation
 p - a scroll of blinking
 q - a scroll of fear
 v - a scroll of brand weapon
 A - 2 scrolls of magic mapping
Potions
 g - a potion of mutation
 o - 2 potions of lignification
Comestibles
 d - 8 slices of pizza
 f - 7 bread rations
 j - 2 chunks of flesh
 s - 4 beef jerkies


   Skills:
 + Level 6.6 Fighting
 + Level 7.0 Long Blades
 - Level 6.4 Armour
 + Level 5.9 Dodging
 - Level 0.3 Stealth
 + Level 7.0 Shields
 - Level 4.1 Invocations
 - Level 3.6 Evocations


You had 8 spell levels left.
You didn't know any spells.

Dungeon Overview and Level Annotations

Branches:
Dungeon (7/15)             Temple (1/1) D:4

Altars:
Ashenzari
Cheibriados
Dithmenos
Elyvilon
Gozag
Hepliaklqana
Kikubaaqudgha
Makhleb
Nemelex Xobeh
Okawaru
Qazlal
Ru
Sif Muna
Uskayaw
Vehumet
Yredelemnul
Zin
The Shining One

Annotations:
D:5 5 runed doors, Dowan, Menkaure
D:7 exclusion: statue


Innate Abilities, Weirdness & Mutations

You are resistant to damage.
You can recharge devices by infusing magical energy.
You passively map the area around you.
You do not regenerate naturally.


Message History

The stone arrow misses the cyan ugly thing.
The stone arrow misses the orc wizard.
The stone arrow hits something.
Press: ? - help, Shift-Dir - straight line, f/p - cyan ugly thing
Aim: a cyan ugly thing (severely wounded)
The zap hits the cyan ugly thing.
The cyan ugly thing completely resists.
The cyan ugly thing is severely wounded.
The zap misses the orc wizard.
The zap hits something.
Press: ? - help, Shift-Dir - straight line, f/p - cyan ugly thing
Aim: a cyan ugly thing (severely wounded)
The cyan ugly thing easily resists.
The orc wizard miscasts a cantrip.
An orc comes into view. It is wielding a mace.
Evoke which item? (* to show all) (? for menu, Esc to quit)
Zapping:
x - a wand of teleportation (8/9)
Press: ? - help, Shift-Dir - straight line, f - you, p - cyan ugly thing You feel strangely unstable.
This wand has 7 charges left.
The cyan ugly thing headbutts you!
* * * LOW HITPOINT WARNING * * *
The cyan ugly thing shocks you!
You die...

#####..# #.#
#.#.##..#.#### .......#
#.##### #.#.....#.#
#.######
#.....#####.#.#...#.####
#.#
#####.........#.........
#.# #######.###.#.#.##..
..# #.# #.#.#.#... ###
#.###.#.......
###########.........#...
#
#.)..ou@.####.....####..
# #o######.####.....#
##. # #.# #..........#
#.. # *o#.* ######.....#
#.. # o# #. #.....# #..
# * ## *,## ###.#.# #..
# ,, #.#.# #.. # , * *
#.#.# #.. # , , , ,
#...# #..


You could see a cyan ugly thing, an orc wizard and an orc.

Vanquished Creatures
  A human (D:7)
  A hog (D:7)
  A hippogriff (D:7)
  Duvessa (D:5)
  An orc warrior (D:6)
  A sky beast (D:6)
  8 ogres
  A black bear (D:6)
  2 phantoms (D:6)
  A centaur (D:7)
  Blork the orc (D:5)
  A giant frog (D:6)
  2 scorpions
  2 gnoll shamans (D:3)
  A centaur zombie (D:6)
  5 hounds
  4 giant frog skeletons
  An orc priest (D:3)
  6 orc wizards
  3 worker ants
  An iguana (D:5)
  Ijyb (D:2)
  3 sheep (D:7)
  A howler monkey zombie (D:7)
  A worker ant zombie (D:6)
  55 gnolls
  14 adders
  A shadow imp (D:6)
  2 oozes
  An adder zombie (D:6)
  2 worms (D:2)
  2 dart slugs
  5 giant geckos
  23 orcs
  9 bats
  5 giant cockroaches
  3 goblins
  4 hobgoblins
  25 jackals
  2 quokkas
  2 ball pythons
  A giant cockroach zombie (D:5)
  5 giant newts
  13 kobolds
  A quokka zombie (D:5)
  6 rats
232 creatures vanquished.

Notes
Turn   | Place    | Note
-------+----------+-------------------------------------------
     0 | D:1      | Gagarin the Deep Dwarf Fighter began the quest for the Orb.
     0 | D:1      | Reached XP level 1. HP: 20/20 MP: 1/1
    20 | D:1      | Reached XP level 2. HP: 21/27 MP: 2/2
   268 | D:1      | Reached XP level 3. HP: 25/34 MP: 3/3
   724 | D:2      | Noticed Ijyb
   752 | D:2      | Killed Ijyb
   752 | D:2      | Reached XP level 4. HP: 20/42 MP: 4/4
   793 | D:2      | Reached skill level 1 in Dodging
   901 | D:2      | Found a faded altar of an unknown god.
   966 | D:2      | Found an iron altar of Okawaru.
  1083 | D:2      | Reached XP level 5. HP: 34/49 MP: 5/5
  1448 | D:3      | Found a stormy altar of Qazlal.
  1454 | D:3      | Reached skill level 5 in Armour
  1498 | D:3      | Reached XP level 6. HP: 35/56 MP: 6/6
  1972 | D:4      | Reached skill level 1 in Evocations
  1972 | D:4      | Reached XP level 7. HP: 43/63 MP: 7/7
  2231 | D:4      | Found a staircase to the Ecumenical Temple.
  2237 | Temple   | Entered the Ecumenical Temple
  2254 | Temple   | Became a worshipper of Makhleb the Destroyer
  2409 | D:4      | Found an opulent altar of Gozag.
  2424 | D:5      | Entered Level 5 of the Dungeon
  2424 | D:5      | Found a runed door.
  2447 | D:5      | Found a runed gate.
  2447 | D:5      | Found a runed gate.
  2467 | D:5      | Noticed Blork the orc
  2483 | D:5      | Killed Blork the orc
  2543 | D:5      | Reached XP level 8. HP: 33/73 MP: 9/9
  2951 | D:5      | Found a snail-covered altar of Cheibriados.
  3014 | D:5      | Found a runed gate.
  3014 | D:5      | Noticed Menkaure
  3023 | D:5      | Found a runed door.
  3032 | D:5      | Noticed Duvessa
  3038 | D:5      | Noticed Dowan
  3099 | D:5      | Reached * piety under Makhleb
  3115 | D:5      | Killed Duvessa
  3358 | D:5      | Reached skill level 5 in Long Blades
  3707 | D:6      | Reached skill level 5 in Dodging
  3890 | D:6      | Reached skill level 5 in Fighting
  3890 | D:6      | Reached skill level 5 in Shields
  4101 | D:3      | Reached skill level 1 in Invocations
  4237 | D:3      | Reached ** piety under Makhleb
  4283 | D:3      | Gained mutation: You passively map the area around you. [Deep Dwarf growth]
  4283 | D:3      | Reached XP level 9. HP: 32/81 MP: 11/11
  5352 | D:6      | Reached *** piety under Makhleb
  5402 | D:6      | Found a shadowy altar of Dithmenos.
  5747 | D:7      | Found a radiant altar of Vehumet.
  6097 | D:7      | Noticed a cyan ugly thing
  6439 | D:7      | Mangled by a cyan ugly thing

Vault maps used:
D:1:      lightli_arrival_chessboard, st_stairs_11
D:2:      okawaru_gym_becter, ecumenical_altar_1, kennysheep_nondescript,
          uniq_iyjb
D:3:      lemuel_castle_with_subvaults, grunt_qazlal_sundering
D:4:      kennysheep_mini_moat, first_bread, cheibrodos_gnoll_hut
D:5:      kennysheep_mini, minmay_guarded_unrand_staff_of_olgreb, uniq_duvessa,
          uniq_menkaure, uniq_blork_the_orc
D:6:      grunt_dithmenos_shadows, minmay_misc_feat_enclosed
D:7:      vehumet_statue, grunt_livestock, uniq_joseph
Temple:   cyrus_circular_temple

Skill      XL: |  1  2  3  4  5  6  7  8  9 |
---------------+----------------------------+-----
Fighting       | 3 4 5 6 |  6.6
Armour         | 4 5 6 |  6.4
Shields        | 4 5 7 |  7.0
Dodging        | 2 3 4 5 |  5.9
Long Blades    | 3 4 5 7 |  7.0
Evocations     | 1 3 |  3.6
Invocations    | 2 4 |  4.1
Stealth        | |  0.3

Action                   |  1- 3 |  4- 6 |  7- 9 || total
-------------------------+-------+-------+-------++-------
Melee: Long sword        |   117 |   217 |   875 ||  1209
Throw: Throwing net      |       |       |     1 ||     1
Invok: Minor Destruction |       |       |     8 ||     8
       Lesser Servant of |       |       |     2 ||     2
Evoke: Wand              |       |     6 |    23 ||    29
  Use: Scroll            |       |     1 |    19 ||    20
       Potion            |       |     1 |     9 ||    10
 Stab: Held in net/web   |       |       |     1 ||     1
  Eat: Chunk             |       |     4 |    30 ||    34
Armor: Scale mail        |    41 |    64 |   233 ||   338
       Skin              |       |       |     2 ||     2
Dodge: Dodged            |    39 |    65 |   275 ||   379
Block: Shield            |    61 |   107 |   371 ||   539
